 Dungeon Crawl Stone Soup version 0.19-a0-1170-g18f0c96 (webtiles) character file.

144 4thArraOfDagon the Ruffian (level 5, -3/46 HPs)
             Began as a Troll Artificer on Aug 16, 2016.
             Slain by an ogre
             ... wielding a +0 giant spiked club
              (22 damage)
             ... on level 4 of the Dungeon.
             The game lasted 00:02:26 (531 turns).

4thArraOfDagon the Ruffian (Troll Artificer)         Turns: 531, Time: 00:02:27

Health: -3/46      AC:  5    Str: 20    XL:     5   Next: 5%
Magic:  5/5        EV: 10    Int:  8    God:
Gold:   79         SH:  0    Dex: 10    Spells: 0 memorised, 4 levels left

rFire  . . .     SeeInvis .       - Unarmed
rCold  . . .     Gourm    +     b - +0 robe
rNeg   . . .     Faith    .     (no shield)
rPois  .         Spirit   .     (helmet restricted)
rElec  .         Dismiss  .     (no cloak)
rCorr  .         Reflect  .     (gloves unavailable)
MR     .....     Harm     .     (boots unavailable)
Stlth  +.........               (no amulet)
                                (no ring)
                                (no ring)

@: no status effects
A: unfitting armour, claws 3, fast metabolism 3, gourmand, regeneration 2,
shaggy fur 1, tough skin 2
a: no special abilities


You were on level 4 of the Dungeon.
You were very full.

You visited 1 branch of the dungeon, and saw 4 of its levels.

You collected 79 gold pieces.

Inventory:

Armour
 b - a +0 robe (worn)
Jewellery
 o - a +2 ring of evasion {unknown}
Wands
 c - a wand of flame (15/48)
 d - a wand of enslavement (15/24)
 e - a wand of random effects (15/48)
Scrolls
 a - a scroll of fog {unknown}
 i - a scroll of amnesia {unknown}
 j - a scroll of fear {unknown}
 l - a scroll of immolation {unknown}
 p - a scroll of recharging {unknown}
 q - a scroll of random uselessness {unknown}
Potions
 g - a potion of brilliance {unknown}
 h - a potion of invisibility {unknown}
 k - a potion of degeneration {unknown}
 m - a potion of lignification {unknown}
 n - 2 potions of curing {unknown}
 r - a potion of cure mutation {unknown}
Comestibles
 f - 2 bread rations


   Skills:
 - Level 0.7 Fighting
   Level 0.7 Short Blades
 - Level 1.5 Dodging
 - Level 0.4 Stealth
 * Level 4.7 Unarmed Combat
 - Level 2.1 Evocations


You had 4 spell levels left.
You didn't know any spells.

Dungeon Overview and Level Annotations

Branches:
Dungeon (4/15)
 Temple: D:4-7

Altars:
Gozag
The Shining One


Innate Abilities, Weirdness & Mutations

You are too large for most types of armour.
You have claws for hands.
Your metabolism is lightning-fast.
You like to eat raw meat.
You heal very quickly.
You are covered in fur. (AC +1)
You have very tough skin. (AC +2)


Message History

The ogre is heavily wounded.
You barely miss the ogre.
The ogre is heavily wounded.
The ogre completely misses you.
Unknown command.
The adder bites you but does no damage.
There is an open door here.
The adder bites you but does no damage.
You claw the adder!
You kill the adder!
You have reached level 5!
You claw the ogre!
The ogre is severely wounded.
The ogre hits you with a giant spiked club!
You scratch the ogre.
The ogre is severely wounded.
You scratch the ogre.
The ogre is almost dead.
The ogre hits you with a giant spiked club!!
You die...

# #. #+## #.######
##...## ###......#
##.....##
#<.....#.###.......##
#.#....#.##.........#
..........O@........+
#.#....#.##..)......#
#.#..#.###.......## #
##.#.# ##.....##
....# ##...## #.###
##'## #. #.# #. #.#
##.##


You could see an ogre.

Vanquished Creatures
  2 orc priests
  Robin (D:4)
  2 adders (D:4)
  An adder skeleton (D:3)
  2 worms
  2 dart slugs
  A giant gecko (D:3)
  5 orcs
  2 bats (D:3)
  13 goblins
  2 hobgoblins
  2 kobolds
  A giant gecko skeleton (D:4)
  A giant newt (D:3)
  4 rats
41 creatures vanquished.

Notes
Turn   | Place    | Note
-------+----------+-------------------------------------------
     0 | D:1      | 4thArraOfDagon the Troll Artificer began the quest for the Orb.
     0 | D:1      | Reached XP level 1. HP: 18/18 MP: 1/1
    41 | D:2      | Reached skill level 1 in Unarmed Combat
    50 | D:2      | Found a glowing golden altar of the Shining One.
    96 | D:3      | Reached XP level 2. HP: 25/26 MP: 2/2
   148 | D:3      | Reached skill level 2 in Unarmed Combat
   188 | D:3      | Found an opulent altar of Gozag.
   330 | D:3      | Reached XP level 3. HP: 32/32 MP: 3/3
   352 | D:3      | Reached skill level 3 in Unarmed Combat
   362 | D:4      | Reached skill level 4 in Unarmed Combat
   362 | D:4      | Reached XP level 4. HP: 22/40 MP: 4/4
   445 | D:4      | Noticed Robin
   461 | D:4      | Killed Robin
   519 | D:4      | Noticed an ogre
   528 | D:4      | Reached XP level 5. HP: 26/46 MP: 5/5
   531 | D:4      | Slain by an ogre

Vault maps used:
D:1:      scummos_arrival_hexagon
D:2:      nicolae_overflow_hidden_temple, yredelemnul_forgotten_temple_becter,
          kennysheep_generic_room_12
D:3:      old_standard_altar, grunt_gozag_statues, uniq_iyjb
D:4:      first_bread, uniq_robin

Skill      XL: |  1  2  3 |
---------------+----------+-----
Unarmed Combat | 1 2 4 |  4.7
Fighting       | |  0.7
Short Blades   | |  0.7
Dodging        | |  1.5
Stealth        | |  0.4
Evocations     | |  2.1

Action                   |  1- 3 |  4- 6 || total
-------------------------+-------+-------++-------
Melee: Unarmed           |    55 |    43 ||    98
  Eat: Chunk             |     5 |     3 ||     8
       Pizza             |     1 |       ||     1
Armor: Robe              |    23 |     8 ||    31
Dodge: Dodged            |    24 |    15 ||    39
